 Dungeon Crawl Stone Soup version 0.26-a0-1161-g0398aca569 (webtiles) character file.

Game seed: 14864064373400769123

93 Morbidden the Sneak (level 4, -2/33 HPs)
             Began as a Demonspawn Brigand on Dec 26, 2020.
             Was an Initiate of Vehumet.
             Killed from afar by an orc wizard (7 damage)
             ... with a puff of flame
             ... on level 3 of the Dungeon.
             The game lasted 00:03:27 (2679 turns).

Morbidden the Sneak (Demonspawn Brigand)            Turns: 2679, Time: 00:03:27

Health: -2/33      AC:  4    Str: 12    XL:     4   Next: 37%
Magic:  0/5        EV: 14    Int: 13    God:    Vehumet [......]
Gold:   98         SH:  0    Dex: 14    Spells: 5/5 levels left

rFire    . . .     SeeInvis .   a - +2 dagger
rCold    + . .     Faith    .   (no shield)
rNeg     . . .     Spirit   +   b - +1 robe
rPois    .         Reflect  .   (no helmet)
rElec    .         Harm     .   c - +0 cloak
rCorr    .         Rampage  .   (no gloves)
Will     .....                  (no boots)
Stlth    +++.......             (no amulet)
HPRegen  0.11/turn              n - ring of protection from cold
MPRegen  0.09/turn              (no ring)

@: slowed, very slow
A: repulsion field 1, magic shield
a: Renounce Religion


You were on level 3 of the Dungeon.
You worshipped Vehumet.
Vehumet was noncommittal.
You visited 1 branch of the dungeon, and saw 3 of its levels.

You collected 98 gold pieces.

Inventory:

Hand Weapons
 a - a +2 dagger (weapon)
Missiles
 d - 8 poisoned darts (quivered)
 e - 2 curare-tipped darts
Armour
 b - a +1 robe (worn)
 c - a +0 cloak (worn)
Jewellery
 n - a ring of protection from cold (left hand)
Scrolls
 g - 3 scrolls of remove curse
 i - 3 scrolls of identify
 j - a scroll of random uselessness {unknown}
 l - 2 scrolls of enchant armour
 o - a scroll of teleportation {unknown}
 p - a scroll of blinking {unknown}
Potions
 f - a potion of curing {unknown}
 h - 2 potions of degeneration {unknown}
 k - a potion of brilliance {unknown}
 m - 2 potions of heal wounds {unknown}
 q - 2 potions of might
 r - a potion of resistance {unknown}


   Skills:
 * Level 2.3 Fighting
 + Level 2.2 Short Blades
 + Level 2.0 Throwing
 + Level 1.5 Dodging
 + Level 4.5 Stealth
 * Level 1.1 Spellcasting


You had 5 spell levels left.
You didn't know any spells.
Your spell library was empty.

Dungeon Overview and Level Annotations

Branches:
Dungeon (3/15)

Altars:
Vehumet


Innate Abilities, Weirdness & Mutations

You are surrounded by a mild repulsion field. (EV +2)
When hurt, damage is shared between your health and your magic reserves.


Message History

A magic dart appears from out of thin air!
The magic dart hits you. Something hits you.
You completely miss something. The orc wizard casts a spell at you.
The magic dart hits you. Something hits you but does no damage.
You hit something.
The orc wizard points at you and mumbles some strange words.
The magic dart hits you! Something hits you.
Unknown command.
Unknown command.
As you read the scroll labelled PALYUMAKAR, it crumbles to dust.
It is a scroll of enchant armour.
Your +0 robe glows green for a moment.
Something hits you.
The orc wizard gestures at you while chanting.
The magic dart hits you.
* * * LOW HITPOINT WARNING * * *
You hear some strange, mumbled words.
A puff of flame appears from out of thin air!
The puff of flame hits you!
You die...

..o...## .....................
.o†...# #.##....#............
.†..o.# .##.#................
#.#.######....##...............
......)...##..##...............
...........#..##......#......#.
........†.....##...............
...............#####.##.....(.#
............#.o{@.#..##†......#
..............l##.#.###.......#
............#..##...###.#...#.#
...........##....#.o..........#
.......<....#.##..............##
###.#######...........(.........
... ..................... ....
....##............... ...
......#........)......


You could see an orc wizard, an orc and a leopard gecko.

Vanquished Creatures
  Jessica (D:2)
  2 adders (D:2)
  2 worms (D:2)
  3 leopard geckos
  An orc (D:3)
  A ball python (D:3)
  A giant cockroach (D:1)
  5 goblins
  7 hobgoblins
  6 kobolds
  5 bats
  5 rats
39 creatures vanquished.

Notes
Turn   | Place    | Note
-------+----------+-------------------------------------------
     0 | D:1      | Morbidden the Demonspawn Brigand began the quest for the
                  | Orb.
     0 | D:1      | Reached XP level 1. HP: 16/16 MP: 1/1
   144 | D:1      | Reached skill level 1 in Dodging
   406 | D:1      | Gained mutation: When hurt, damage is shared between your
                  | health and your magic reserves. [demonic ancestry]
   406 | D:1      | Reached XP level 2. HP: 22/22 MP: 2/2
   620 | D:1      | Reached skill level 4 in Stealth
   995 | D:2      | Found a radiant altar of Vehumet.
  1004 | D:2      | Became a worshipper of Vehumet
  1333 | D:2      | Gained mutation: You are surrounded by a mild repulsion
                  | field. (EV +2) [demonic ancestry]
  1333 | D:2      | Reached XP level 3. HP: 26/27 MP: 3/3
  1788 | D:2      | Noticed Jessica
  1797 | D:2      | Killed Jessica
  1798 | D:2      | Reached skill level 1 in Spellcasting
  1798 | D:2      | Reached XP level 4. HP: 24/33 MP: 3/5
  2679 | D:3      | Killed from afar by an orc wizard

Illustrated notes

Levels and vault maps discovered:
D:1:      dpeg_arrival_court, layout_basic
D:2:      layout_basic, old_standard_altar, uniq_jessica
D:3:      layout_rooms, nicolae_overflow_hidden_temple

Skill      XL: |  1  2  3 |
---------------+----------+-----
Dodging        | 1 |  1.5
Stealth        | 4 |  4.5
Throwing       | 2 |  2.0
Short Blades   | 2 |  2.2
Spellcasting   | 1 |  1.1
Fighting       | |  2.3

Action                   |  1- 3 |  4- 6 || total
-------------------------+-------+-------++-------
Melee: Dagger            |    94 |    44 ||   138
Throw: Dart              |     1 |       ||     1
  Use: Scroll            |     3 |     1 ||     4
 Stab: Sleeping          |     4 |       ||     4
Armor: Robe              |    14 |     8 ||    22
Dodge: Dodged            |    46 |    31 ||    77

Table legend: (Time is in decaauts)
 A = Elapsed time spent in this place.
 B = Non-inter-level travel time spent in this place.
 C = Inter-level travel time spent in this place.
 D = Time resting spent in this place.
 E = Time spent auto-exploring this place.
 F = Levels seen in this place.
 G = Mean time per level.
                   A        B        C        D        E       F      G
               +--------+--------+--------+--------+--------+-----+--------+
         Total |   2676 |   2588 |     88 |    335 |   1915 |   3 |  892.0 |
       Dungeon |   2676 |   2588 |     88 |    335 |   1915 |   3 |  892.0 |
               +--------+--------+--------+--------+--------+-----+--------+

Top non-repeatable levels by time:
     D:2: 1524 daAuts
     D:1: 965 daAuts
     D:3: 186 daAuts
